 Dungeon Crawl Stone Soup version 0.28-a0-622-gbaef9634d7 (webtiles) character file.

Game seed: 2632667343582155987

40 siradein the Chiller (level 3, 26/26 HPs)
             Began as a Draconian Ice Elementalist on Oct 8, 2021.
             Quit the game on level 1 of the Dungeon.
             The game lasted 00:02:48 (1358 turns).

siradein the Chiller (Draconian Ice Elementalist)   Turns: 1358, Time: 00:02:49

Health: 26/26      AC:  5    Str: 10    XL:     3   Next: 30%
Magic:  6/6        EV: 12    Int: 16    God:
Gold:   50         SH:  0    Dex: 11    Spells: 2/6 levels left

rFire   . . .      SeeInvis .   (no weapon)
rCold   . . .      Faith    .   (no shield)
rNeg    . . .      Spirit   .   (armour unavailable)
rPois   .          Reflect  .   (helmet restricted)
rElec   .          Harm     .   (no cloak)
rCorr   .          Rampage  .   (no gloves)
Will    .....                   (no boots)
Stlth   ++........              (no amulet)
HPRegen 0.08/turn               a - +4 ring of slaying
MPRegen 0.10/turn               (no ring)

@: no status effects
A: AC +5, unfitting armour, cold-blooded
a: no special abilities


You were on level 1 of the Dungeon.
You visited 1 branch of the dungeon, and saw 1 of its levels.

You collected 50 gold pieces.

Inventory:

Jewellery
 a - a +4 ring of slaying (left hand)
Scrolls
 b - a scroll of fear {unknown}
 c - a scroll of blinking {unknown}


   Skills:
 + Level 2.3 Dodging
 + Level 2.3 Stealth
 + Level 2.4 Spellcasting
 + Level 4.2 Ice Magic


You had 2 spell levels left.
You knew the following spells:

 Your Spells              Type           Power      Damage    Failure   Level
a - Freeze                Ice            60%        1d8       3%          1
b - Frozen Ramparts       Ice            30%        1d5       11%         3

Your spell library contained the following spells:

 Spells                   Type           Power      Damage    Failure   Level
 Magic Dart               Conj           4%         1d3       21%         1
 Searing Ray              Conj           2%         2d4       30%         2
 Ozocubu's Armour         Ice            15%        N/A       11%         3
 Hailstorm                Conj/Ice       8%         3d4       63%         4
 Fulminant Prism          Conj/Hex       0%         3d6       89%         4


Dungeon Overview and Level Annotations

Branches:
Dungeon (1/15)

Altars:


Innate Abilities, Weirdness & Mutations

Your plain brown scales are hard. (AC +5)
You cannot fit into any form of body armour.
You are cold-blooded and may be slowed by cold attacks.


Message History

A goblin is nearby!
A goblin comes into view. It is wielding a +0 dagger.
The goblin shouts! x2
The goblin hits you but does no damage.
Aiming: Freeze (safe; 3% risk of failure)
Press: ? - help, Q - select action Shift-Dir - straight line, f - goblin
Aim: a goblin, wielding a +0 dagger You freeze the goblin.
The goblin is moderately wounded.
The goblin closely misses you.
Aiming: Freeze (safe; 3% risk of failure)
Press: ? - help, Q - select action Shift-Dir - straight line, f/p - goblin
Aim: a goblin, wielding a +0 dagger (moderately wounded)
You freeze the goblin.
The goblin is severely wounded.
The goblin completely misses you.
Aiming: Freeze (safe; 3% risk of failure)
Press: ? - help, Q - select action Shift-Dir - straight line, f/p - goblin
Aim: a goblin, wielding a +0 dagger (severely wounded)
You freeze the goblin.
You kill the goblin!
Unknown command.
You see here a +0 dagger.
You hit the goblin.
The goblin is heavily wounded.
Aiming: Freeze (safe; 3% risk of failure)
Press: ? - help, Q - select action Shift-Dir - straight line, f - goblin
Aim: a goblin, wielding a +0 dagger (heavily wounded)
You freeze the goblin!
You kill the goblin!
Unknown command.
Things that are here:
a +0 dagger; a goblin corpse
Things that are here:
a +0 dagger; a goblin corpse You see here a +0 dagger.
A hobgoblin is nearby!
A hobgoblin is nearby!
A hobgoblin is nearby!
Are you sure you want to abandon this character and quit the game? (Confirm with "yes".)

#.# ####..#...#......#
##.#############....###..#......#
.................##.#.#........>'
##.############.##.......#......#
##.### #..##...##........# .....#
##.......##.......# ##.#.#
##.#(#.##......... ##.#.#
...#####.###.....###.... ######
.......@..#............. ....#
g....................... ##..#
##..................#### .[..#
+..................')..
....#######..................####
###.#........................#
....#........................#
....#.......)......#######...#
##..#......######### #####


You could see a hobgoblin (asleep).

Vanquished Creatures
  A dart slug (D:1)
  10 endoplasms (D:1)
  A giant cockroach (D:1)
  4 goblins (D:1)
  3 hobgoblins (D:1)
  2 quokkas (D:1)
  3 ball pythons (D:1)
  4 bats (D:1)
  2 kobolds (D:1)
  3 rats (D:1)
33 creatures vanquished.

Notes
Turn   | Place    | Note
-------+----------+-------------------------------------------
     0 | D:1      | siradein the Draconian Ice Elementalist began the quest for
                  | the Orb.
     0 | D:1      | Reached XP level 1. HP: 14/14 MP: 3/3
   399 | D:1      | Reached XP level 2. HP: 18/20 MP: 0/5
   964 | D:1      | Reached XP level 3. HP: 22/26 MP: 3/6
   970 | D:1      | Learned a level 3 spell: Frozen Ramparts
  1078 | D:1      | Found a faded altar of an unknown god.
  1358 | D:1      | Quit the game

Illustrated notes

Levels and vault maps discovered:
D:1:      nagdon_arrival_zigzag_paths, layout_basic,
          shapermc_ecumenical_altar_notcrosses, minmay_hexomino_u4

Skill      XL: |  1 |
---------------+----+-----
Stealth        | 2 |  2.3
Dodging        | 2 |  2.3
Spellcasting   | |  2.4
Ice Magic      | |  4.2

Action                   || total
-------------------------++-------
Melee: Unarmed           ||    16
       Tailslap          ||     1
 Cast: Freeze            ||    52
       Frozen Ramparts   ||     1
Armor: Skin              ||    19
Dodge: Dodged            ||    37

Table legend: (Time is in decaauts)
 A = Elapsed time spent in this place.
 B = Non-inter-level travel time spent in this place.
 C = Inter-level travel time spent in this place.
 D = Time resting spent in this place.
 E = Time spent auto-exploring this place.
 F = Levels seen in this place.
 G = Mean time per level.
                   A        B        C        D        E       F      G
               +--------+--------+--------+--------+--------+-----+--------+
         Total |   1360 |   1360 |      0 |      0 |   1107 |   1 | 1360.0 |
       Dungeon |   1360 |   1360 |      0 |      0 |   1107 |   1 | 1360.0 |
               +--------+--------+--------+--------+--------+-----+--------+

Top non-repeatable levels by time:
     D:1: 1360 daAuts
